 Dungeon Crawl Stone Soup version 0.29.0-4-gdea44cf6ec (webtiles) character file.

Game seed: 5932299611995546795

133 qw the Chopper (level 4, -3/39 HPs)
             Began as a Minotaur Berserker on Sept 9, 2022.
             Was a Believer of Trog.
             Killed from afar by an orc wizard (8 damage)
             ... with a puff of flame
             ... on level 3 of the Dungeon.
             The game lasted 00:00:40 (1884 turns).

qw the Chopper (Minotaur Berserker)                 Turns: 1884, Time: 00:00:40

Health: -3/39      AC:  7    Str: 24    XL:     4   Next: 93%
Magic:  3/3        EV: 11    Int:  4    God:    Trog [**....]
Gold:   134        SH:  0    Dex:  9    Spells: 3/3 levels left

rFire   . . .      SeeInvis .   Y - +0 hand axe
rCold   . . .      Faith    .   (no shield)
rNeg    . . .      Spirit   .   f - +0 ring mail
rPois   .          Reflect  .   (helmet restricted)
rElec   .          Harm     .   (no cloak)
rCorr   .          Rampage  .   j - +1 pair of gloves
Will    .....                   (no boots)
Stlth   ..........              (no amulet)
HPRegen 0.13/turn               (no ring)
MPRegen 0.08/turn               (no ring)

@: on berserk cooldown, slowed, very slow
A: horns 2, retaliatory headbutt
a: Renounce Religion, Berserk, Trog's Hand


You were on level 3 of the Dungeon.
You worshipped Trog.
Trog was pleased with you.
You visited 1 branch of the dungeon, and saw 3 of its levels.

You collected 134 gold pieces.


Innate Abilities, Weirdness & Mutations

You have a pair of horns on your head.
You reflexively headbutt those who attack you in melee.


   Skills:
 - Level 3.6 Fighting
 + Level 6.9 Axes
 - Level 2.4 Armour
 - Level 2.1 Dodging


You had 3 spell levels left.
You didn't know any spells.
Your spell library was empty.

Inventory:

Hand Weapons
 a - a +0 whip
 Y - a +0 hand axe (weapon)
Missiles
 g - 2 boomerangs (quivered)
Armour
 f - a +0 ring mail (worn)
 j - a +1 pair of gloves (worn)
Jewellery
 b - a ring of ice
Scrolls
 e - a scroll of magic mapping {unknown}
Potions
 d - a potion of might {unknown}
 h - 2 potions of flight {unknown}
 i - a potion of invisibility {unknown}
 k - a potion of ambrosia {unknown}
 l - a potion of haste {unknown}

Dungeon Overview and Level Annotations

Branches:
Dungeon (3/15)

Altars:


Message History

You kill the orc!
Trog accepts your kill.
You hit something but do no damage.
You hear some strange, mumbled words.
A magic dart appears from out of thin air!
The magic dart hits you but does no damage.
Something hits you but does no damage.
You barely miss something. Your headbutt misses something. Something hits you.
Something hits you but does no damage.
The orc priest hits you but does no damage.
Something hits you but does no damage.
You barely miss the orc priest. You headbutt the orc priest.
The orc priest is moderately wounded.
You miss something.
The orc priest hits you with a +0 hand axe.
Something hits you but does no damage.
You hit the orc priest. You headbutt the orc priest!
You kill the orc priest!
Trog accepts your kill.
You closely miss something.
Something hits you but does no damage. x2
You barely miss something. Something hits you but does no damage.
You hit something. Something hits you but does no damage.
You barely miss something.
Something hits you but does no damage. x2
You barely miss something.
You hear some strange, mumbled words.
A puff of flame appears from out of thin air!
The puff of flame misses you.
You miss something. Something hits you but does no damage.
You hit something but do no damage. Something hits you.
You hear some strange, mumbled words.
A puff of flame appears from out of thin air!
The puff of flame hits you!
You die...

#.# ##.#####
#......# ....#.#
......
##.#####.##.#
......)..##.##
#.###).#...#####
#.)@{)..#.....#
##.#.##...###.#
#..).###.## #.#
#.#.#####.# #(#
#.##.......# #.# .
##
#..#########.###...
#. ####..........
#. ........####.#
##.##.##.## .#


There were no monsters in sight!

Vanquished Creatures
  An orc priest (D:3)
  4 gnolls
  A worm (D:3)
  3 dart slugs
  6 orcs (D:3)
  An endoplasm (D:2)
  4 giant cockroaches
  4 goblins
  3 hobgoblins
  A quokka (D:1)
  10 ball pythons
  4 bats
  A frilled lizard (D:1)
  4 kobolds
  4 rats
51 creatures vanquished.

Notes
Turn   | Place    | Note
-------+----------+-------------------------------------------
     0 | D:1      | qw the Minotaur Berserker began the quest for the Orb.
     0 | D:1      | Reached XP level 1. HP: 19/19 MP: 0/0
     0 | D:1      | 0 ||| qw: Version: 0.1-a-113-g051387a
     0 | D:1      | 0 ||| qw: Game counter: 6946
     0 | D:1      | 0 ||| qw: Always use a shield: true
     0 | D:1      | 0 ||| qw: Do Orc after D:15 true
     0 | D:1      | 0 ||| qw: Do second Lair branch before Depths: true
     0 | D:1      | 0 ||| qw: Lair rune preference: random
     0 | D:1      | 0 ||| qw: Plans: Normal
     0 | D:1      | 0 ||| PLANNING D:1-11
    34 | D:1      | 34 ||| INVOKING Berserk.
    39 | D:1      | Reached skill level 4 in Axes
    39 | D:1      | Reached XP level 2. HP: 26/26 MP: 1/1
   355 | D:1      | 355 ||| Stepping ~*~*~tactically~*~*~ (stealth).
   480 | D:1      | Reached skill level 5 in Axes
   624 | D:1      | Reached XP level 3. HP: 31/31 MP: 2/2
   866 | D:1      | 866 ||| UPGRADING to +0 ring mail.
   876 | D:1      | 876 ||| DROPPING +0 animal skin.
   877 | D:1      | 877 ||| READING scroll labelled USAMMILUPN.
   882 | D:2      | 882 ||| INVOKING Berserk.
   895 | D:2      | Reached skill level 6 in Axes
   895 | D:2      | Reached XP level 4. HP: 39/39 MP: 3/3
   897 | D:2      | Reached ** piety under Trog
  1062 | D:2      | 1062 ||| DROPPING +0 club.
  1072 | D:2      | 1072 ||| Stepping ~*~*~tactically~*~*~ (hiding).
  1338 | D:2      | 1338 ||| Stepping ~*~*~tactically~*~*~ (hiding).
  1628 | D:2      | 1628 ||| UPGRADING to +0 pair of gloves.
  1633 | D:2      | 1633 ||| READING scroll labelled HEIK ZAETE.
  1634 | D:2      | 1634 ||| READING scroll labelled EBBIM INOOHU.
  1635 | D:2      | 1635 ||| DRINKING 2 metallic sapphire potions.
  1729 | D:3      | 1729 ||| READING scroll of enchant armour.
  1729 | D:3      | 1729 ||| ENCHANTING +0 pair of gloves.
  1784 | D:3      | Found Apeniac's Assorted Antiques.
  1831 | D:3      | 1831 ||| Stepping ~*~*~tactically~*~*~ (stealth).
  1833 | D:3      | 1833 ||| Stepping ~*~*~tactically~*~*~ (stealth).
  1837 | D:3      | 1837 ||| Stepping ~*~*~tactically~*~*~ (stealth).
  1845 | D:3      | 1845 ||| Stepping ~*~*~tactically~*~*~ (stealth).
  1861 | D:3      | 1861 ||| Stepping ~*~*~tactically~*~*~ (hiding).
  1863 | D:3      | 1863 ||| INVOKING Berserk.
  1872 | D:3      | 1872 ||| DRINKING potion of curing.
  1872 | D:3      | 1872 ||| (to cure confusion)
  1873 | D:3      | HP: 8/39 [orc priest/nerve-wracking pain (5)]
  1884 | D:3      | HP: 5/39 [something (1)]
  1884 | D:3      | Killed from afar by an orc wizard

Levels and vault maps discovered:
D:1:      ncdulo_lavacross, layout_loops_ring
D:2:      layout_basic
D:3:      layout_loops_ring, ebering_ghost_inner_flame,
          dreamdust_ecumenical_altar_drowned_temple, serial_shops, shop,
          minmay_cut_off

Skill      XL: |  1  2  3 |
---------------+----------+-----
Axes           | 4 5 6 |  6.9
Fighting       | |  3.6
Armour         | |  2.4
Dodging        | |  2.1

Action                   |  1- 3 |  4- 6 || total
-------------------------+-------+-------++-------
Melee: Hand axe          |    48 |    50 ||    98
       Headbutt          |     5 |     6 ||    11
Throw: Boomerang         |     1 |    23 ||    24
Invok: Berserk           |     2 |     1 ||     3
  Use: Scroll            |     1 |     3 ||     4
       Potion            |       |     2 ||     2
Armor: Ring mail         |     3 |    22 ||    25
Dodge: Dodged            |    31 |    20 ||    51

Table legend:
 A = Non-vault XP
 B = Vault XP
 C = Vault XP percentage of total XP
 D = Non-vault monster count
 E = Vault monster count
 F = Vault count percentage of total count
                 A         B        C        D         E       F
            +---------+---------+-------+---------+---------+-------
      Total |     189 |       1 |   0.5 |      50 |       1 |   2.0
            +---------+---------+-------+---------+---------+-------
        D:1 |      47 |       0 |   0.0 |      21 |       0 |   0.0
        D:2 |      74 |       0 |   0.0 |      19 |       0 |   0.0
        D:3 |      68 |       1 |   1.4 |      10 |       1 |   9.1
            +---------+---------+-------+---------+---------+-------
